[Event "WTCC-65 2018"]
[Site "Radebeul"]
[Date "2018.07.14"]
[Round "8"]
[White "Ackermann, Hans Werner"]
[Black "Povah, Nigel E"]
[Result "0-1"]
[ECO "A06"]
[WhiteElo "2267"]
[BlackElo "2245"]
[Annotator "NA"]
[PlyCount "66"]
[EventDate "2018.07.07"]
[EventType "team-tourn"]
[EventCountry "GER"]
[SourceTitle "playchess.com"]
[Source "ChessBase"]
[SourceQuality "1"]
[TimeControl "40/5400+30:1800+30"]

1. Nf3 d5 2. b3 Bg4 3. Bb2 Nd7 4. e3 e5 5. h3 Bxf3 6. Qxf3 c6 7. d3 Bd6 8. Nd2 Ne7 9. g3 O-O 10. Qe2 b5 11. Bg2 a5 12. a3 Qb6 13. O-O f5 14. Nf3 Rae8 15. Rab1 f4 16. gxf4 exf4 17. Nd4 Ng6 18. c4 f3 19. Nxf3 Bb8 20. Rfc1 c5 21. Qd1 d4 22. Nxd4 cxd4 23. Bxd4 Qd6 24. cxb5 Rxf2 25. Kxf2 Qg3+ 26. Kf1 Rf8+ 27. Qf3 Rxf3+ 28. Bxf3 Qxf3+ 29. Ke1 Be5 30. Ba7 Nh4 31. Rc8+ Kf7 32. b4 Qg2 33. Kd1 Nf3 0-1

[Event "WTCC-65 2018"]
[Site "Radebeul"]
[Date "2018.07.14"]
[Round "8"]
[White "Stebbings, Anthony J"]
[Black "Kierzek, Matthias, Dr."]
[Result "1-0"]
[ECO "D10"]
[WhiteElo "2257"]
[BlackElo "2247"]
[Annotator "NA"]
[PlyCount "57"]
[EventDate "2018.07.07"]
[EventType "team-tourn"]
[EventCountry "GER"]
[SourceTitle "playchess.com"]
[Source "ChessBase"]
[SourceQuality "1"]
[TimeControl "40/5400+30:1800+30"]

1. d4 d5 2. c4 c6 3. Nc3 Nf6 4. e3 Bf5 5. cxd5 cxd5 6. Qb3 Nc6 7. Qxb7 Bd7 8. Qb3 Rb8 9. Qd1 e5 10. dxe5 Nxe5 11. Be2 Bd6 12. Nf3 O-O 13. O-O Qe7 14. Nxe5 Bxe5 15. Bf3 Rfd8 16. Qd3 Bc6 17. Qf5 Ne4 18. Bxe4 dxe4 19. a4 Rd6 20. Nb5 Rd5 21. Qg4 Bd7 22. Qe2 Rbxb5 23. axb5 Bxb5 24. Qc2 Bxh2+ 25. Kxh2 Bxf1 26. Rxa7 Qh4+ 27. Kg1 Bb5 28. Ra8+ Rd8 29. Qc8 1-0

[Event "WTCC-65 2018"]
[Site "Radebeul"]
[Date "2018.07.14"]
[Round "8"]
[White "Bernard, Christophe"]
[Black "Malmdin, Nils Ake"]
[Result "1/2-1/2"]
[ECO "A61"]
[WhiteElo "2253"]
[BlackElo "2138"]
[Annotator "NA"]
[PlyCount "120"]
[EventDate "2018.07.07"]
[EventType "team-tourn"]
[EventCountry "GER"]
[SourceTitle "playchess.com"]
[Source "ChessBase"]
[SourceQuality "1"]
[TimeControl "40/5400+30:1800+30"]

1. d4 Nf6 2. Nf3 e6 3. c4 c5 4. d5 exd5 5. cxd5 d6 6. Nc3 g6 7. e4 Bg7 8. h3 O-O 9. Bd3 a6 10. a4 Re8 11. O-O Nbd7 12. Re1 Qe7 13. Bf4 Nh5 {[%emt 0:01:23] A70: Modern Benoni: 6 e4 g6 7 Nf3} 14. Bg5 (14. Bh2 Rb8 15. g4 Nhf6 16. e5 dxe5 17. Nxe5 Nxe5 18. Rxe5 Qxe5 19. Bxe5 Rxe5 20. Qb3 h5 21. Qb6 {0-1 (47) Radjabov,T (2747)-Ivanchuk,V (2729) Odessa 2007}) 14... Bf6 {[%emt 0:02:02] LiveBook: 8 Games} 15. Bd2 Ne5 16. Be2 Nxf3+ 17. Bxf3 Ng7 18. Qc2 $146 ({Predecessor:} 18. a5 Be5 19. Na4 Bd7 20. Nb6 Rad8 21. Nc4 {1-0 (44) Villeneuve,A (2345)-Lecuyer,C (2310) France 1991}) 18... Rb8 19. a5 Be5 20. Na4 Bd7 21. Nb6 Bb5 22. Bc3 Qf6 23. Rac1 Qf4 24. Bxe5 Rxe5 25. Qc3 Qh6 26. b4 Rbe8 27. bxc5 dxc5 28. d6 Qg5 29. Nd5 Qd8 30. Ne7+ R8xe7 31. dxe7 Qxe7 32. Red1 Bc6 33. g3 Ne8 34. Bg2 h5 35. f4 Rxe4 36. Re1 Nf6 37. Bxe4 Nxe4 38. Qe5 Qd7 39. Rcd1 Nd2 40. Qe8+ Qxe8 41. Rxe8+ Bxe8 42. Rxd2 Bb5 43. Rd8+ Kg7 44. Rd5 c4 45. Kf2 Kf6 46. Ke3 Ke6 47. Kd4 Ke7 48. h4 f6 $2 (48... c3 49. Re5+ (49. Kxc3 Bc6 $16) 49... Kd6 50. Kxc3 Bc6) 49. Rc5 Ke6 50. Rc7 Bc6 51. Kxc4 Kf5 52. Rg7 Be4 53. Kd4 Bf3 $1 $11 {[%emt 0:00:33] und Schwarz ist OK.} 54. Kc5 Be4 55. Re7 Bf3 56. Rg7 Be4 57. Kd4 Bc6 $2 58. Ke3 $18 Bh1 59. Rc7 Bc6 60. Rc8 Kg4 1/2-1/2

[Event "WTCC-65 2018"]
[Site "Radebeul"]
[Date "2018.07.14"]
[Round "8"]
[White "Bernard, Christophe"]
[Black "Malmdin, Nils-Ake"]
[Result "1/2-1/2"]
[ECO "A61"]
[WhiteElo "2253"]
[BlackElo "2138"]
[Annotator "NA"]
[PlyCount "120"]
[EventDate "2018.07.07"]
[EventType "team-tourn"]
[EventCountry "GER"]
[SourceTitle "playchess.com"]
[Source "ChessBase"]
[SourceQuality "1"]
[TimeControl "40/5400+30:1800+30"]

1. d4 Nf6 2. Nf3 e6 3. c4 c5 4. d5 exd5 5. cxd5 d6 6. Nc3 g6 7. e4 Bg7 8. h3 O-O 9. Bd3 a6 10. a4 Re8 11. O-O Nbd7 12. Re1 Qe7 13. Bf4 Nh5 14. Bg5 Bf6 15. Bd2 Ne5 16. Be2 Nxf3+ 17. Bxf3 Ng7 18. Qc2 Rb8 19. a5 Be5 20. Na4 Bd7 21. Nb6 Bb5 22. Bc3 Qf6 23. Rac1 Qf4 24. Bxe5 Rxe5 25. Qc3 Qh6 26. b4 Rbe8 27. bxc5 dxc5 28. d6 Qg5 29. Nd5 Qd8 30. Ne7+ R8xe7 31. dxe7 Qxe7 32. Red1 Bc6 33. g3 Ne8 34. Bg2 h5 35. f4 Rxe4 36. Re1 Nf6 37. Bxe4 Nxe4 38. Qe5 Qd7 39. Rcd1 Nd2 40. Qe8+ Qxe8 41. Rxe8+ Bxe8 42. Rxd2 Bb5 43. Rd8+ Kg7 44. Rd5 c4 45. Kf2 Kf6 46. Ke3 Ke6 47. Kd4 Ke7 48. h4 f6 49. Rc5 Ke6 50. Rc7 Bc6 51. Kxc4 Kf5 52. Rg7 Be4 53. Kd4 Bf3 54. Kc5 Be4 55. Re7 Bf3 56. Rg7 Be4 57. Kd4 Bc6 58. Ke3 Bh1 59. Rc7 Bc6 60. Rc8 Kg4 1/2-1/2

[Event "WTCC-65 2018"]
[Site "Radebeul"]
[Date "2018.07.14"]
[Round "8"]
[White "Bartsch, Berthold"]
[Black "Emerson, Roger"]
[Result "1-0"]
[ECO "A00"]
[WhiteElo "2248"]
[BlackElo "2211"]
[Annotator "NA"]
[PlyCount "71"]
[EventDate "2018.07.07"]
[EventType "team-tourn"]
[EventCountry "GER"]
[SourceTitle "playchess.com"]
[Source "ChessBase"]
[SourceQuality "1"]
[TimeControl "40/5400+30:1800+30"]

1. g3 d5 2. Bg2 e5 3. c4 dxc4 4. Na3 Bxa3 5. bxa3 c6 6. Rb1 Ne7 7. Qc2 Bf5 8. e4 Bc8 $11 ({Besser ist} 8... Be6 $15) 9. Qxc4 b6 10. Bb2 Ng6 11. h4 h5 12. Nf3 Ba6 13. Qc3 Qd3 14. Qxd3 Bxd3 15. Rc1 f6 16. Ng1 c5 17. Ne2 Nc6 18. Bf3 O-O-O 19. Bc3 Nd4 20. Bxd4 exd4 21. Bg2 Kc7 22. Nf4 Nxf4 23. gxf4 Rhe8 24. f3 f5 25. e5 Re6 26. Kf2 Kc6 27. Rhg1 g6 28. Bf1 Bxf1 29. Kxf1 Kd5 30. d3 b5 31. Rg2 c4 32. Rb2 Rb6 33. Rxb5+ Rxb5 34. dxc4+ Kc5 35. cxb5+ Kxb5 36. Ke2 1-0

[Event "WTCC-65 2018"]
[Site "Radebeul"]
[Date "2018.07.14"]
[Round "8"]
[White "Shushpanov, Vladimir"]
[Black "Gruzmann, Boris"]
[Result "1-0"]
[ECO "C44"]
[WhiteElo "2198"]
[BlackElo "2176"]
[Annotator "NA"]
[PlyCount "119"]
[EventDate "2018.07.07"]
[EventType "team-tourn"]
[EventCountry "GER"]
[SourceTitle "playchess.com"]
[Source "ChessBase"]
[SourceQuality "1"]
[TimeControl "40/5400+30:1800+30"]

1. e4 e5 2. Nf3 Nc6 3. c3 Nf6 4. d4 exd4 5. e5 Ne4 6. cxd4 d5 7. Nc3 {[%emt 0:03:51] C44: Ponziani Opening and Scotch Gambit} Bb4 (7... Bg4 8. h3 Bh5 9. Be3 Be7 10. Bd3 Bg6 11. O-O O-O 12. Rc1 Qd7 13. Ne2 Nd8 14. Nf4 Ne6 15. Nxg6 fxg6 16. Bxe4 dxe4 {1-0 (57) Nepomniachtchi,I (2719)-Sjugirov,S (2665) Almaty 2016}) 8. Qb3 O-O 9. Be3 a5 10. a3 Bxc3+ 11. bxc3 a4 $146 ({Predecessor:} 11... Bf5 12. a4 b6 13. Be2 f6 14. exf6 Rxf6 {½-½ (35) House,G (2207)-Kaabi,M (2330) Monastir 2013}) 12. Qc2 Bf5 13. Bd3 Na5 14. O-O Nb3 15. Ra2 c6 16. Ne1 Bg6 17. f3 Ng5 18. h4 Ne6 19. h5 Bxd3 20. Nxd3 c5 21. Qf2 Qa5 22. Rc2 Qb5 23. Rd1 Rac8 24. dxc5 Rfd8 25. Nb4 Qc4 26. Qf1 Qxf1+ 27. Kxf1 d4 28. cxd4 Nexd4 29. Bxd4 Rxd4 30. Rxd4 Nxd4 31. Rd2 Nb3 32. Rd1 Nxc5 33. Rc1 Kf8 34. Nd3 b6 35. Nxc5 bxc5 36. Rc4 Ke7 37. Ke2 Ke6 38. Rxa4 Kxe5 39. Ra7 Rf8 40. Kd3 Kf4 41. Ra4+ Kg5 42. Rc4 Rc8 43. g4 f5 44. a4 g6 45. hxg6 hxg6 46. a5 Kf6 47. a6 Ke5 48. a7 Kd5 49. Ra4 Ra8 50. g5 c4+ 51. Kc3 Ke5 52. Kxc4 Kf4 53. Kb5+ Kxf3 54. Kb6 f4 55. Kb7 Rxa7+ 56. Rxa7 Kg4 57. Kc6 Kxg5 58. Kd5 Kg4 59. Ke4 g5 60. Rg7 1-0

[Event "WTCC-65 2018"]
[Site "Radebeul"]
[Date "2018.07.14"]
[Round "8"]
[White "Vucenovic, Dragomir"]
[Black "Singer, Hans"]
[Result "1-0"]
[ECO "D34"]
[WhiteElo "2186"]
[BlackElo "2175"]
[Annotator "NA"]
[PlyCount "82"]
[EventDate "2018.07.07"]
[EventType "team-tourn"]
[EventCountry "GER"]
[SourceTitle "playchess.com"]
[Source "ChessBase"]
[SourceQuality "1"]
[TimeControl "40/5400+30:1800+30"]

1. d4 d5 2. Nf3 Nf6 3. g3 e6 4. Bg2 c5 5. O-O Nc6 6. c4 Be7 7. Nc3 O-O 8. cxd5 exd5 9. Bf4 cxd4 10. Nxd4 Qb6 11. Nxc6 bxc6 12. b3 Bg4 13. Qc2 Bh5 14. Na4 Qa6 15. Rfc1 Rac8 16. Bh3 Bg4 17. Bxg4 Nxg4 18. Qd2 Nf6 19. Qd3 Qb7 20. Be3 Rfe8 21. Nc5 Bxc5 22. Bxc5 Ne4 23. Rc2 h5 24. Rac1 Qd7 25. Qf3 h4 26. Bd4 hxg3 27. hxg3 Re6 28. Qg4 f6 29. Kg2 Rce8 30. Rh1 Qf7 31. Qh5 Qxh5 32. Rxh5 a5 33. Rh1 c5 34. Bb2 Rc6 35. Rd1 d4 36. Rxd4 Ng5 37. Ra4 Ra8 38. Bd4 Ne6 39. Be3 Kf7 40. b4 c4 41. b5 Rcc8 1-0

[Event "WTCC-65 2018"]
[Site "Radebeul"]
[Date "2018.07.14"]
[Round "8"]
[White "Boehm, Erwin"]
[Black "Oechslein, Rainer"]
[Result "1/2-1/2"]
[ECO "B20"]
[WhiteElo "2181"]
[BlackElo "2228"]
[Annotator "NA"]
[PlyCount "81"]
[EventDate "2018.07.07"]
[EventType "team-tourn"]
[EventCountry "GER"]
[SourceTitle "playchess.com"]
[Source "ChessBase"]
[SourceQuality "1"]
[TimeControl "40/5400+30:1800+30"]

1. e4 c5 2. b3 Nc6 3. Bb2 e6 4. Nf3 d6 5. Bb5 Bd7 6. O-O Nf6 7. Bxc6 {[%emt 0:01:31] B50: Sizilianisch (Verschiedenes mit 2...d6)} Bxc6 8. e5 Nd5 9. exd6 Bxd6 10. Ne5 $146 ({Vorgänger:} 10. Na3 O-O 11. Nc4 Bc7 12. Nce5 Be8 13. d4 f6 14. Nd3 cxd4 15. Nxd4 {1-0 (66) Fernandez,D (2500)-Arakhamia Grant,K (2350) London 2017}) 10... Bxe5 11. Bxe5 Qg5 12. Bg3 Nf4 13. f3 Rd8 14. Qe1 Ng6 15. d3 O-O 16. Nd2 h5 17. Ne4 Qe7 18. h3 b6 19. Qe2 e5 20. Rae1 Rfe8 21. f4 exf4 22. Bxf4 Bxe4 23. Qxe4 Qxe4 24. Rxe4 Rxe4 25. dxe4 Nxf4 26. Rxf4 Rd1+ 27. Rf1 Rxf1+ 28. Kxf1 Kf8 29. Kf2 Ke7 30. Kf3 Kf6 31. Kf4 g5+ 32. Ke3 Ke5 33. g3 b5 34. c3 a6 35. a3 $2 (35. b4 $11) 35... Ke6 36. Ke2 Ke7 37. Kf3 Kd6 $11 38. Ke2 Ke7 39. Kf3 Ke6 40. Ke2 Ke5 41. Ke3 1/2-1/2

[Event "WTCC-65 2018"]
[Site "Radebeul"]
[Date "2018.07.14"]
[Round "8"]
[White "Titz, Heimo"]
[Black "Huss, Andreas"]
[Result "1/2-1/2"]
[ECO "A13"]
[WhiteElo "2164"]
[BlackElo "2276"]
[Annotator "ChessBase"]
[PlyCount "101"]
[EventDate "2018.07.07"]
[EventType "team-tourn"]
[EventCountry "GER"]
[SourceTitle "playchess.com"]
[Source "ChessBase"]
[SourceQuality "1"]
[TimeControl "40/5400+30:1800+30"]

1. c4 e6 2. Nf3 Nf6 3. g3 d5 4. d4 c6 5. Bg2 Be7 6. O-O O-O 7. cxd5 cxd5 8. Nc3 Nc6 9. Bg5 h6 10. Bxf6 Bxf6 11. e3 Qb6 12. Na4 Qa5 13. a3 b5 14. Nc5 b4 15. axb4 Qxb4 16. Qa4 Qxa4 17. Rxa4 Rb8 18. b3 Be7 19. Rc1 Bxc5 20. Rxc5 Bd7 21. Nd2 Rb7 22. Bf1 Nb4 23. Ra1 Rfb8 24. f3 Kf8 25. Kf2 Ke7 26. Rac1 Kd6 27. e4 Nc6 28. Ke3 Rb4 29. e5+ Kc7 30. Ra1 Kb6 31. Ra6+ Kb7 32. Ra4 Ka8 33. Rxb4 Rxb4 34. Ba6 Kb8 35. Rb5+ Rxb5 36. Bxb5 Nxe5 37. dxe5 Bxb5 38. Kd4 Kc7 39. Kc5 Be2 40. b4 a6 41. f4 g5 42. Nb3 gxf4 43. gxf4 Kd7 44. Kb6 Ke7 45. Nd4 Bd3 46. Kc6 Kf8 47. Kd6 Kg7 48. Ke7 Bf5 49. Kd6 Kg6 50. Ke7 Bh3 51. Kf8 1/2-1/2

[Event "WTCC-65 2018"]
[Site "Radebeul"]
[Date "2018.07.14"]
[Round "8"]
[White "Bosbach, Gerhard"]
[Black "Van Herck, Marcel"]
[Result "1-0"]
[ECO "D50"]
[WhiteElo "2161"]
[BlackElo "2008"]
[Annotator "NA"]
[PlyCount "53"]
[EventDate "2018.07.07"]
[EventType "team-tourn"]
[EventCountry "GER"]
[SourceTitle "playchess.com"]
[Source "ChessBase"]
[SourceQuality "1"]
[TimeControl "40/5400+30:1800+30"]

1. d4 Nf6 2. Nf3 e6 3. c4 d5 4. Nc3 c5 5. Bg5 cxd4 6. Nxd4 e5 7. Ndb5 a6 8. Qa4 Bd7 9. Bxf6 gxf6 10. cxd5 Nc6 11. dxc6 Bxc6 12. Rd1 Qb8 13. Qb3 axb5 14. Nxb5 Bc5 15. e3 O-O 16. Bc4 b6 17. O-O Bxb5 18. Bxb5 Rd8 19. Rxd8+ Qxd8 20. Rd1 Qf8 21. Bc4 Ra7 22. Qd3 Qe7 23. Qf5 e4 24. Qc8+ Kg7 25. Rd8 Qe5 26. Rg8+ Kh6 27. Qg4 1-0

[Event "WTCC-65 2018"]
[Site "Radebeul"]
[Date "2018.07.14"]
[Round "8"]
[White "Hammar, Bengt"]
[Black "Seret, Jean-Luc"]
[Result "0-1"]
[ECO "B00"]
[WhiteElo "2159"]
[BlackElo "2353"]
[Annotator "NA"]
[PlyCount "26"]
[EventDate "2018.07.07"]
[EventType "team-tourn"]
[EventCountry "GER"]
[SourceTitle "playchess.com"]
[Source "ChessBase"]
[SourceQuality "1"]
[TimeControl "40/5400+30:1800+30"]

1. e4 b6 2. d4 Bb7 3. Nc3 e6 4. Nf3 Bb4 5. Bd3 Nf6 6. Qe2 d5 7. exd5 Qxd5 8. O-O Bxc3 9. bxc3 O-O 10. Bg5 Nbd7 11. c4 Qd6 12. c3 Ng4 13. d5 Rae8 0-1

[Event "WTCC-65 2018"]
[Site "Radebeul"]
[Date "2018.07.14"]
[Round "8"]
[White "Krauseneck, Peter"]
[Black "Baumbach, Friedrich"]
[Result "1-0"]
[ECO "D00"]
[WhiteElo "2147"]
[BlackElo "2147"]
[Annotator "NA"]
[PlyCount "73"]
[EventDate "2018.07.07"]
[EventType "team-tourn"]
[EventCountry "GER"]
[SourceTitle "playchess.com"]
[Source "ChessBase"]
[SourceQuality "1"]
[TimeControl "40/5400+30:1800+30"]

1. d4 d5 2. Nc3 Bf5 3. Bf4 e6 4. e3 Nf6 5. f3 Bd6 6. g4 Bxf4 7. exf4 Bg6 8. h4 h5 9. f5 Bh7 10. g5 Ng8 11. fxe6 fxe6 12. Qe2 Bf5 13. Bh3 Ne7 14. Bxf5 exf5 15. Nh3 Nbc6 16. O-O-O Qd6 17. Nb5 Qd7 18. Nf4 a6 19. Nc3 Qd6 20. Qe3 O-O-O 21. Qe6+ Qxe6 22. Nxe6 Rdg8 23. Nf4 Rd8 24. Rhe1 Rd6 25. Rd3 Ng6 26. Nxg6 Rxg6 27. Nxd5 Rd8 28. Nf4 Rgd6 29. c3 g6 30. Rde3 Kd7 31. Kc2 b5 32. Ne6 Ra8 33. Nc5+ Kc8 34. Re8+ Rd8 35. R1e6 Na5 36. Rxd8+ Kxd8 37. Rxg6 1-0

[Event "WTCC-65 2018"]
[Site "Radebeul"]
[Date "2018.07.14"]
[Round "8"]
[White "Woeber, Friedrich"]
[Black "Hohler, Peter"]
[Result "1/2-1/2"]
[ECO "C55"]
[WhiteElo "2114"]
[BlackElo "2073"]
[Annotator "NA"]
[PlyCount "41"]
[EventDate "2018.07.07"]
[EventType "team-tourn"]
[EventCountry "GER"]
[SourceTitle "playchess.com"]
[Source "ChessBase"]
[SourceQuality "1"]
[TimeControl "40/5400+30:1800+30"]

1. e4 e5 2. Nf3 Nc6 3. Bc4 Nf6 4. d3 Be7 5. O-O O-O 6. Re1 d6 7. a4 Be6 8. Nbd2 Nd7 9. a5 a6 10. Nf1 Nc5 11. Ng3 Bxc4 12. dxc4 Ne6 13. Nf5 Bf6 14. c3 Ne7 15. Ne3 g6 16. Nd5 Bg7 17. Qb3 Nc5 18. Qc2 Ne6 19. Qb3 Nc5 20. Qc2 Ne6 21. Qb3 1/2-1/2

[Event "WTCC-65 2018"]
[Site "Radebeul"]
[Date "2018.07.14"]
[Round "8"]
[White "Maes, Valeer"]
[Black "Nehmert, Ulrich"]
[Result "1/2-1/2"]
[ECO "A85"]
[WhiteElo "2088"]
[BlackElo "2220"]
[Annotator "NA"]
[PlyCount "24"]
[EventDate "2018.07.07"]
[EventType "team-tourn"]
[EventCountry "GER"]
[SourceTitle "playchess.com"]
[Source "ChessBase"]
[SourceQuality "1"]
[TimeControl "40/5400+30:1800+30"]

1. d4 f5 2. c4 Nf6 3. Nc3 g6 4. h4 d6 5. Bg5 Bg7 6. Nf3 c6 7. Bxf6 Bxf6 8. e4 Qa5 9. exf5 $11 Bxf5 10. Qd2 e5 11. Be2 Nd7 12. d5 cxd5 1/2-1/2

[Event "WTCC-65 2018"]
[Site "Radebeul"]
[Date "2018.07.14"]
[Round "8"]
[White "Van de Wynkele, Herman"]
[Black "Kargoll, Herbert"]
[Result "1/2-1/2"]
[ECO "C24"]
[WhiteElo "2084"]
[BlackElo "2230"]
[Annotator "NA"]
[PlyCount "105"]
[EventDate "2018.07.07"]
[EventType "team-tourn"]
[EventCountry "GER"]
[SourceTitle "playchess.com"]
[Source "ChessBase"]
[SourceQuality "1"]
[TimeControl "40/5400+30:1800+30"]

1. e4 e5 2. Bc4 Nf6 3. d3 Bc5 4. Nf3 d6 5. c3 Nc6 6. b4 Bb6 7. a4 a6 8. Qb3 Qe7 {[%emt 0:02:57] C54: Giuoco Piano: 4 c3 Nf6, main lines with 5 d4 and 5 d3} (8... O-O 9. a5 Ba7 10. O-O Ne7 11. Ng5 Qe8 12. Be3 c6 13. Bxa7 Rxa7 14. d4 exd4 15. cxd4 h6 16. e5 hxg5 17. exf6 gxf6 {0-1 (32) Nevednichy,V (2548)-Gyimesi,Z (2553) Miskolc 2004}) 9. Nbd2 h6 10. h3 O-O 11. g4 $146 ({Predecessor:} 11. Nf1 Be6 12. Be3 Nh5 13. g3 Bxe3 14. Nxe3 Qd7 15. Nh4 Ne7 16. Qd1 {1-0 (48) Lerch Gallemi,J (2188)-Gavilan Diaz,M (2256) Barcelona 2012}) 11... Nh7 12. Bb2 Nd8 13. d4 Ng5 14. Nxg5 Qxg5 15. O-O-O Ne6 16. Kb1 Qf4 17. d5 Ng5 18. Bd3 Bxf2 19. Qc2 Nxh3 20. Rxh3 Bxg4 21. Rdh1 Bxh3 22. Rxh3 Qg4 23. Rf3 Bg3 24. Rf1 Bf4 25. Nf3 g6 26. Qe2 Kg7 27. Rg1 Qh3 28. Bc1 Bxc1 29. Kxc1 Rh8 30. Kc2 Rag8 31. Qf2 Kf8 32. Rf1 Qd7 33. Nh4 Qxa4+ 34. Kb2 Qd7 35. Qf6 Ke8 36. Be2 Qe7 37. Qf2 h5 38. b5 a5 39. b6 Rh7 40. Bb5+ Kd8 41. bxc7+ Qxc7 42. c4 $19 (42. Kc2 $17 {might work better.}) 42... f5 43. exf5 g5 44. Ng6 b6 45. f6 Rxg6 46. f7 Rxf7 47. Qxf7 Qxf7 48. Rxf7 g4 49. Rd7+ Kc8 50. Rh7 Rg8 51. Rxh5 g3 52. Rh1 g2 53. Rg1 1/2-1/2

[Event "WTCC-65 2018"]
[Site "Radebeul"]
[Date "2018.07.14"]
[Round "8"]
[White "Illi, Hans-Joerg"]
[Black "Gneiss, Karl"]
[Result "1/2-1/2"]
[ECO "A01"]
[WhiteElo "2063"]
[BlackElo "2090"]
[Annotator "NA"]
[PlyCount "88"]
[EventDate "2018.07.07"]
[EventType "team-tourn"]
[EventCountry "GER"]
[SourceTitle "playchess.com"]
[Source "ChessBase"]
[SourceQuality "1"]
[TimeControl "40/5400+30:1800+30"]

1. b3 e5 2. Bb2 Nc6 3. Nf3 d6 4. e3 Bg4 5. Be2 Nf6 6. O-O Qd7 7. Ne1 h5 8. f3 Be6 9. d4 exd4 10. exd4 d5 11. Nd3 O-O-O 12. c3 h4 13. Ba3 Rh6 14. Bxf8 Rxf8 15. b4 Qd6 16. b5 Ne7 17. Qa4 Kb8 18. Qb4 Ne8 19. Nd2 Nf5 20. Qxd6 Nexd6 21. Nf4 Ne3 22. Rfc1 Bd7 23. Kf2 Re8 24. Nf1 Nxf1 25. Bxf1 Bxb5 26. Bxb5 Nxb5 27. Nxd5 Rd6 28. Nf4 c5 29. a4 Nc7 30. Rd1 Red8 31. Rd3 cxd4 32. Rad1 g5 33. Ne2 Ne6 34. cxd4 Rd5 35. g3 hxg3+ 36. hxg3 f5 37. Ke3 Ra5 38. Nc3 Re8 39. Kf2 f4 40. d5 Nc5 41. Rd4 Re3 42. Ne4 g4 43. Ng5 gxf3 44. gxf4 Re8 1/2-1/2

[Event "WTCC-65 2018"]
[Site "Radebeul"]
[Date "2018.07.15"]
[Round "9"]
[White "Rashkovsky, Nukhim N"]
[Black "Seret, Jean-Luc"]
[Result "1-0"]
[ECO "A41"]
[WhiteElo "2483"]
[BlackElo "2353"]
[Annotator "ChessBase"]
[PlyCount "79"]
[EventDate "2018.07.07"]
[EventType "team-tourn"]
[EventCountry "GER"]
[SourceTitle "playchess.com"]
[Source "ChessBase"]
[SourceQuality "1"]
[TimeControl "40/5400+30:1800+30"]

1. d4 d6 2. Nf3 g6 3. g3 Bg7 4. Bg2 Nd7 5. O-O e5 6. e4 Ngf6 7. Nc3 O-O 8. a4 c6 9. a5 Rb8 10. h3 b5 11. axb6 axb6 12. dxe5 Nxe5 13. Nd4 b5 14. Kh2 b4 15. Na4 c5 16. Nf3 Nxf3+ 17. Qxf3 Bb7 18. Bg5 h6 19. Bxf6 Qxf6 20. Qxf6 Bxf6 21. Rad1 Ba6 22. Rfe1 Bd4 23. Bf1 Bxf1 24. Rxf1 Ra8 25. b3 f5 26. exf5 Rxf5 27. f4 Raf8 28. Rf3 g5 29. Rdf1 Re8 30. c3 bxc3 31. Nxc3 gxf4 32. gxf4 Re3 33. Nb5 Re2+ 34. Kg3 Bg7 35. Nxd6 Rf6 36. Nc4 Rg6+ 37. Kh4 Kh7 38. Ne3 h5 39. Kxh5 Bd4 40. Ng4 1-0

[Event "WTCC-65 2018"]
[Site "Radebeul"]
[Date "2018.07.15"]
[Round "9"]
[White "Boidman, Yuri"]
[Black "Vucenovic, Dragomir"]
[Result "1-0"]
[ECO "D10"]
[WhiteElo "2358"]
[BlackElo "2186"]
[Annotator "NA"]
[PlyCount "85"]
[EventDate "2018.07.07"]
[EventType "team-tourn"]
[EventCountry "GER"]
[SourceTitle "playchess.com"]
[Source "ChessBase"]
[SourceQuality "1"]
[TimeControl "40/5400+30:1800+30"]

1. d4 d5 2. c4 c6 3. cxd5 cxd5 4. Nc3 Nc6 5. e4 e6 6. e5 f5 7. a3 a6 8. Nf3 g6 9. h4 h5 10. Ne2 Bd7 11. Nf4 Nce7 12. Qb3 Nh6 13. Ng5 Qc8 14. Bd2 Rg8 15. Rc1 Nc6 16. Be2 Ng4 17. Nxd5 exd5 18. Qxd5 Rg7 19. f3 Ngxe5 20. dxe5 Re7 21. Kf2 Be6 22. Nxe6 Qxe6 23. Qxe6 Rxe6 24. f4 Rd8 25. Be3 Ne7 26. Rhd1 Rxd1 27. Bxd1 Rc6 28. Ba4 b5 29. Rxc6 Nxc6 30. Bb3 Na5 31. Bd5 Be7 32. g3 Nc4 33. Bd4 Nd2 34. Ke2 Ne4 35. Bxe4 fxe4 36. e6 Bd8 37. Bc5 Bf6 38. b3 Be7 39. Bxe7 Kxe7 40. Ke3 Kxe6 41. Kxe4 a5 42. b4 a4 43. Kf3 1-0

[Event "WTCC-65 2018"]
[Site "Radebeul"]
[Date "2018.07.15"]
[Round "9"]
[White "Karasev, Vladimir I"]
[Black "Povah, Nigel E"]
[Result "1/2-1/2"]
[ECO "A06"]
[WhiteElo "2337"]
[BlackElo "2245"]
[Annotator "NA"]
[PlyCount "26"]
[EventDate "2018.07.07"]
[EventType "team-tourn"]
[EventCountry "GER"]
[SourceTitle "playchess.com"]
[Source "ChessBase"]
[SourceQuality "1"]
[TimeControl "40/5400+30:1800+30"]

1. Nf3 d5 2. g3 Bg4 3. Bg2 Nd7 4. c4 e6 5. cxd5 exd5 6. Qa4 Ngf6 7. h3 Bxf3 8. Bxf3 c6 9. d3 Bd6 10. Nc3 Qe7 11. O-O O-O 12. Bg2 Rfe8 13. Bf4 Nc5 1/2-1/2

[Event "WTCC-65 2018"]
[Site "Radebeul"]
[Date "2018.07.15"]
[Round "9"]
[White "Buchal, Stephan"]
[Black "Bosbach, Gerhard"]
[Result "1-0"]
[ECO "A15"]
[WhiteElo "2329"]
[BlackElo "2119"]
[Annotator "NA"]
[PlyCount "97"]
[EventDate "2018.07.07"]
[EventType "team-tourn"]
[EventCountry "GER"]
[SourceTitle "playchess.com"]
[Source "ChessBase"]
[SourceQuality "1"]
[TimeControl "40/5400+30:1800+30"]

1. c4 Nf6 2. g3 c6 3. Nf3 d5 4. Bg2 g6 5. b3 Bg7 6. Bb2 O-O 7. O-O Re8 8. Qc2 Nbd7 9. Nc3 Nb6 {[%emt 0:04:49] A11: Reti-Eröffnung} (9... dxc4 10. bxc4 e5 11. d3 Nc5 12. Rfd1 Qc7 13. Rab1 Bf5 14. Nh4 Be6 15. Ba3 Bf8 16. Na4 Nfd7 17. Nc3 {1-0 (57) Mamedov,R (2639)-Mekhitarian,K (2589) Arlington 2015}) 10. d3 e5 11. cxd5 Nfxd5 12. Ne4 f5 $146 ({Vorgänger:} 12... Bg4 13. h3 Bxf3 14. Bxf3 Qe7 15. a3 Nc7 16. Nc5 Ne6 17. Nxe6 Qxe6 {½-½ (31) Gullotto,V (2289)-Van de Haak,G (2222) ICCF email 2011}) 13. Nc5 Nb4 14. Qd2 a5 15. a3 Na6 16. Nxa6 Rxa6 17. Qc2 Qe7 18. e4 fxe4 19. dxe4 Bg4 20. h3 Bc8 21. a4 Qf6 22. Kh2 Bf8 23. Bc3 Bb4 24. Bxb4 axb4 25. a5 Nd7 26. Qc4+ Kg7 27. Qxb4 Nf8 28. Qc3 b6 29. b4 Nd7 30. Rfc1 bxa5 31. bxa5 c5 32. Qe3 Rc6 33. Nd2 Ba6 34. Rc3 c4 35. Bf1 Rec8 36. Be2 h5 37. f4 Qd6 38. Nf3 Qc5 39. Rd1 R8c7 40. fxe5 Nxe5 41. Nxe5 Qxe5 42. Rd5 Qf6 43. e5 Qf5 44. Qd4 Bc8 45. g4 Qg5 46. gxh5 Bf5 47. Rg3 Qe7 48. e6+ Qf6 49. h6+ 1-0

[Event "WTCC-65 2018"]
[Site "Radebeul"]
[Date "2018.07.15"]
[Round "9"]
[White "Rooze, Jan"]
[Black "Renman, Nils-Gustaf"]
[Result "1/2-1/2"]
[ECO "A06"]
[WhiteElo "2314"]
[BlackElo "2343"]
[Annotator "NA"]
[PlyCount "31"]
[EventDate "2018.07.07"]
[EventType "team-tourn"]
[EventCountry "GER"]
[SourceTitle "playchess.com"]
[Source "ChessBase"]
[SourceQuality "1"]
[TimeControl "40/5400+30:1800+30"]

1. Nf3 d5 2. e3 Nf6 3. c4 e6 4. b3 Be7 5. Bb2 O-O 6. Nc3 c5 7. cxd5 exd5 8. d4 Nc6 9. Be2 Ne4 10. O-O Bf6 11. Na4 Bg4 12. Rc1 cxd4 13. Nxd4 Bxe2 14. Nxe2 Bxb2 15. Nxb2 Qf6 16. Na4 1/2-1/2